 Dungeon Crawl Stone Soup version 0.29-a0-838-g385bb11a5b (webtiles) character file.

Game seed: 15397426956125366650

1 zeratav the Stinger (level 1, 0/11 HPs)
             Began as an Octopode Venom Mage on July 13, 2022.
             Slain by a dart slug (3 damage)
             ... on level 1 of the Dungeon.
             The game lasted 00:00:08 (22 turns).

zeratav the Stinger (Octopode Venom Mage)             Turns: 22, Time: 00:00:09

Health: 0/11       AC:  1    Str:  7    XL:     1   Next: 20%
Magic:  0/3        EV: 13    Int: 17    God:
Gold:   0          SH:  0    Dex: 12    Spells: 3/4 levels left

rFire   . . .      SeeInvis .   (no weapon)
rCold   . . .      Faith    .   (no shield)
rNeg    . . .      Spirit   .   (helmet restricted)
rPois   .          Reflect  .   (no amulet)
rElec   .          Harm     .   (no ring)
rCorr   .          Rampage  .   (no ring)
Will    .....                   (no ring)
Stlth   +++.......              (no ring)
HPRegen 0.03/turn               (no ring)
MPRegen 0.08/turn               (no ring)
                                (no ring)
                                (no ring)

@: no status effects
A: almost no armour, amphibious, 8 rings, camouflage 1, gelatinous body 1,
(nimble swimmer 1), tentacles
a: no special abilities


You were on level 1 of the Dungeon.
You visited 1 branch of the dungeon, and saw 1 of its levels.


Innate Abilities, Weirdness & Mutations

You cannot wear most types of armour.
You are amphibious.
You can wear up to eight rings at the same time.
Your skin changes colour to match your surroundings (Stealth+).
Your rubbery body absorbs attacks. (AC +1, EV +1)
((You are camouflaged when in or above water. (Stealth+)))
You have tentacles for arms and can constrict up to eight enemies at once.


   Skills:
 - Level 2.0 Dodging
 + Level 2.8 Stealth
 - Level 2.0 Spellcasting
 - Level 1.0 Transmutations
 + Level 3.7 Poison Magic


You had 3 spell levels left.
You knew the following spells:

 Your Spells              Type           Power      Damage    Failure   Level
a - Sting                 Tmut/Pois      36%        1d4       8%          1

Your spell library contained the following spells:

 Spells                   Type           Power      Damage    Failure   Level
 Poisonous Vapours        Pois/Air       14%        N/A       14%         2
 Mephitic Cloud           Conj/Pois/Air  5%         N/A       34%         3
 Olgreb's Toxic Radiance  Pois           14%        N/A       38%         4

Inventory:

Potions
 a - a potion of magic
 b - a potion of resistance {unknown}

Dungeon Overview and Level Annotations

Branches:
Dungeon (1/15) Zot: 5977

Altars:

#.# ..S #.# #g# #.# #
# #g#########
....#.##.#.......####
#.....w@............h
##....##.#....†..#
#... #.###..(### #..
#.###.#..#### #.
#............ #
.##...#.....#..#
......##.######.#
.##....8.....8..#
#....#.....#..#


You could see a dart slug, 2 hobgoblins and a ball python.


Message History

🤖 Initializing magus.rc ...
Bad channel name for runrest: 'pray:' ✅ Successfully initialized magus.rc [v1.9.6] Welcome, zeratav the Octopode Venom Mage.
The terrific Orb of Zot lies far below, as if waiting for you to find it.
Press ? for a list of commands and other information.
Found a fuming white potion.
Found a staircase leading out of the dungeon.
b - a fuming white potion A jackal comes into view.
A jackal is nearby!
A jackal and a dart slug come into view.
The sting hits the jackal but does no damage.
The jackal is poisoned.
The jackal barely misses you.
MP[-1]
You lost 1 mp, and now have 2/3 mp.
You miscast Sting.
You are very lightly contaminated with residual magic.
Nothing appears to happen.
The jackal bites you.
The jackal bites you but does no damage.
HP[-3] MP[-1]
You take 3 damage, and now have 8/11 hp.
MASSIVE DAMAGE!! (PAUSE)
You lost 1 mp, and now have 1/3 mp.
The sting hits the jackal but does no damage.
The jackal looks even sicker.
The jackal bites you.
HP[-1] MP[-1]
You take 1 damage, and now have 7/11 hp.
You lost 1 mp, and now have 0/3 mp.
You are out of magic!
You tentacle-slap the jackal but do no damage.
You grab the jackal. You constrict the jackal.
You kill the jackal!
A dart slug is nearby! 2 hobgoblins come into view.
The dart slug launches a dart at you. The slug dart misses you.
Your magical contamination has completely faded away.
The hobgoblin shouts!
You hear a shout!
The dart slug launches a dart at you. The slug dart hits you.
* * * LOW HITPOINT WARNING * * *
You are too injured to fight recklessly!
HP[-4]
You take 4 damage, and now have 3/11 hp.
MASSIVE DAMAGE!! (PAUSE)
You are too injured to fight recklessly!
You are too injured to fight recklessly!
You are too injured to fight recklessly!
You are too injured to fight recklessly!
You are too injured to fight recklessly!
You are too injured to fight recklessly!
The hobgoblin shouts!
You hear an angry hiss.
A ball python comes into view.
You tentacle-slap the dart slug but do no damage.
You grab the dart slug. You constrict the dart slug. The dart slug bites you.
You die...

Action                   || total
-------------------------++-------
Melee: Unarmed           ||     2
       Constrict         ||     2
 Cast: Sting             ||     2
Armor: Skin              ||     1
Dodge: Dodged            ||     2

Levels and vault maps discovered:
D:1:      scummos_arrival_simple_crosswalls, layout_basic,
          ebering_ecumenical_altar_rust

Notes
Turn   | Place    | Note
-------+----------+-------------------------------------------
     0 | D:1      | zeratav the Octopode Venom Mage began the quest for the
                  | Orb.
     0 | D:1      | Reached XP level 1. HP: 11/11 MP: 3/3
     0 | D:1      | magus.rc [v1.9.6]
    22 | D:1      | Slain by a dart slug

Vanquished Creatures
  A jackal (D:1)
1 creature vanquished.

Table legend:
 A = Non-vault XP
 B = Vault XP
 C = Vault XP percentage of total XP
 D = Non-vault monster count
 E = Vault monster count
 F = Vault count percentage of total count
                 A         B        C        D         E       F
            +---------+---------+-------+---------+---------+-------
      Total |       2 |       0 |   0.0 |       1 |       0 |   0.0
            +---------+---------+-------+---------+---------+-------
        D:1 |       2 |       0 |   0.0 |       1 |       0 |   0.0
            +---------+---------+-------+---------+---------+-------

Illustrated notes

Table legend:
 A = Kills in this place as a percentage of kills in entire the game.
 B = Kills by you in this place as a percentage of kills by you in the entire game.
 C = Kills by friends in this place as a percentage of kills by friends in the entire game.
 D = Other kills in this place as a percentage of other kills in the entire game.
 E = Experience gained in this place as a percentage of experience gained in the entire game.
 F = Experience gained in this place divided by the number of levels of this place that you have seen.
                   A       B       C       D       E      F
               +-------+-------+-------+-------+-------+----------------------
         Total | 100.0 | 100.0 |   N/A |   N/A | 100.0 |   2.0
       Dungeon | 100.0 | 100.0 |   N/A |   N/A | 100.0 |   2.0
               +-------+-------+-------+-------+-------+----------------------

Table legend: (Time is in decaauts)
 A = Elapsed time spent in this place.
 B = Non-inter-level travel time spent in this place.
 C = Inter-level travel time spent in this place.
 D = Time resting spent in this place.
 E = Time spent auto-exploring this place.
 F = Levels seen in this place.
 G = Mean time per level.
                   A        B        C        D        E       F      G
               +--------+--------+--------+--------+--------+-----+--------+
         Total |     22 |     22 |      0 |      0 |      8 |   1 |   22.0 |
       Dungeon |     22 |     22 |      0 |      0 |      8 |   1 |   22.0 |
               +--------+--------+--------+--------+--------+-----+--------+

Top non-repeatable levels by time:
     D:1: 22 daAuts
